 Dungeon Crawl Stone Soup version 0.25-a0-504-g768f60da87 (webtiles) character file.

Game seed: 14084647887770219913, levelgen mode: deterministic

140 Emblim88 the Ducker (level 5, 0/26 HPs)
             Began as a Spriggan Artificer on Feb 14, 2020.
             Slain by a gnoll (5 damage)
             ... on level 2 of the Dungeon.
             The game lasted 00:06:07 (2835 turns).

Emblim88 the Ducker (Spriggan Artificer)            Turns: 2835, Time: 00:06:08

Health: 0/26       AC:  2    Str:  8    XL:     5   Next: 2%
Magic:  18/18      EV: 21    Int: 18    God:
Gold:   84         SH:  0    Dex: 18    Spells: 4/4 levels left

rFire    . . .     SeeInvis +   a - +0 short sword
rCold    . . .     Gourm    .   (shield restricted)
rNeg     . . .     Faith    .   b - +0 robe
rPois    .         Spirit   .   (helmet restricted)
rElec    .         Reflect  .   (no cloak)
rCorr    .         Harm     .   (gloves unavailable)
MR       .....                  (boots unavailable)
Stlth    ++........             (no amulet)
HPRegen  0.08/turn              i - +6 ring of intelligence
MPRegen  0.16/turn              l - ring of magical power

@: very quick
A: very small, unfitting armour, see invisible, herbivore, speed 3, slow
metabolism 2
a: no special abilities


You were on level 2 of the Dungeon.
You were not hungry.

You visited 1 branch of the dungeon, and saw 2 of its levels.

You collected 84 gold pieces.

Inventory:

Hand Weapons
 a - a +0 short sword (weapon)
 n - a +0 dagger
Missiles
 g - 51 stones (quivered)
Armour
 b - a +0 robe (worn)
Jewellery
 i - a +6 ring of intelligence (left hand)
 l - a ring of magical power (right hand)
 m - an uncursed ring of magical power
Wands
 c - a wand of flame (3)
 d - a wand of enslavement (15)
 e - a wand of random effects (10)
 s - a wand of paralysis (6)
Scrolls
 h - a scroll of fog {unknown}
 j - 2 scrolls of identify {unknown}
 o - 2 scrolls of remove curse {unknown}
 q - a scroll of immolation {unknown}
 r - a scroll of fear {unknown}
 t - a scroll of random uselessness {unknown}
Potions
 p - a potion of cancellation {unknown}
Comestibles
 f - 5 rations


   Skills:
 * Level 2.3 Fighting
 + Level 2.3 Short Blades
 * Level 5.0 Dodging
 - Level 1.5 Stealth
 + Level 4.7 Evocations


You had 4 spell levels left.
You didn't know any spells.
Your spell library was empty.

Dungeon Overview and Level Annotations

Branches:
Dungeon (2/15)

Altars:
Cheibriados
Elyvilon
Ru


Innate Abilities, Weirdness & Mutations

You are very small and have problems with some larger weapons.
You are too small for most types of armour.
You have supernaturally acute eyesight. (SInv)
You are a herbivore.
You cover ground extremely quickly.
You need to consume almost no food.


Message History

The gnoll misses you.
You hit the gnoll but do no damage.
The gnoll is heavily wounded.
The gnoll closely misses you.
Okay, then.
You feel better.
You hit the gnoll but do no damage.
The gnoll is heavily wounded.
The gnoll barely misses you.
You barely miss the gnoll.
The gnoll is heavily wounded.
The gnoll barely misses you.
You barely miss the gnoll.
The gnoll is heavily wounded.
The gnoll hits you.
* * * LOW HITPOINT WARNING * * *
You barely miss the gnoll.
The gnoll is heavily wounded.
The gnoll hits you.
You die...

#.###.....#
#(##.###..##.#..#.
#.........#
#(#..#..#####.#..#
#####.#####
#.#.###..#..##.#..
####.........#
#.#.#..###...##.#.
...#...#.....#
#(####..#..#..##.#
†..#...#.....#
#g##..###.##...##.
...#...#######
#g###..#..#..#..##
...#.†.#.....#
#g#..###.##.##...#
...+...'†....#
#@#...'÷.#..#..#..
...#...#.....#
#.##.#############
.......#.....#
#..........#......
.....###.....#
##########.#..####
.....# ##'####
#....##....#
.....####'####
#....###...#
.....#.......#
#....# #...#
....≈..[.....#
##....####>.#
.≈..≈........#
#..[...# #..#


You could see a gnoll, a hobgoblin and a goblin.

Vanquished Creatures
  2 gnolls (D:2)
  6 adders (D:2)
  An ooze (D:2)
  2 worms (D:2)
  2 dart slugs
  3 leopard geckos
  2 giant cockroaches
  4 goblins
  6 hobgoblins
  4 jackals (D:1)
  5 kobolds
  3 quokkas (D:2)
  5 bats
  A frilled lizard (D:1)
  4 rats
50 creatures vanquished.

Notes
Turn   | Place    | Note
-------+----------+-------------------------------------------
     0 | D:1      | Emblim88 the Spriggan Artificer began the quest for the
                  | Orb.
     0 | D:1      | Reached XP level 1. HP: 9/9 MP: 4/4
    40 | D:1      | Reached skill level 1 in Fighting
    48 | D:1      | Reached XP level 2. HP: 12/14 MP: 6/6
  1197 | D:2      | Reached XP level 3. HP: 18/18 MP: 7/7
  1209 | D:2      | Found a white marble altar of Elyvilon.
  1447 | D:2      | Reached skill level 4 in Dodging
  1460 | D:2      | Found a faded altar of an unknown god.
  1592 | D:2      | Found a snail-covered altar of Cheibriados.
  1685 | D:2      | Found a sacrificial altar of Ru.
  1763 | D:2      | Reached XP level 4. HP: 6/23 MP: 8/8
  2804 | D:2      | Reached skill level 5 in Dodging
  2804 | D:2      | Reached XP level 5. HP: 11/26 MP: 9/9
  2835 | D:2      | Slain by a gnoll

Levels and vault maps discovered:
D:1:      sevenhm_arrival_forest_fort_small_4, layout_basic
D:2:      minmay_razor_zed, layout_basic, marbit_many_paths,
          nicolae_overflow_crystal_walls, kennysheep_slug_shrine,
          chequers_ecumenical_altar_island, minmay_heptomino_o4

Skill      XL: |  1  2  3  4 |
---------------+-------------+-----
Fighting       | 1 2 |  2.3
Dodging        | 4 5 |  5.0
Short Blades   | 2 |  2.3
Stealth        | |  1.5
Evocations     | |  4.7

Action                   |  1- 3 |  4- 6 || total
-------------------------+-------+-------++-------
Melee: Short sword       |   140 |   100 ||   240
       Dagger            |       |     2 ||     2
Throw: Stone             |     1 |     5 ||     6
Evoke: Wand              |    16 |     1 ||    17
  Use: Potion            |       |     2 ||     2
 Stab: Sleeping          |     7 |     1 ||     8
       Paralysed         |     2 |       ||     2
Armor: Robe              |    13 |     4 ||    17
Dodge: Dodged            |   121 |    84 ||   205

Table legend:
 A = Non-vault XP
 B = Vault XP
 C = Vault XP percentage of total XP
 D = Non-vault monster count
 E = Vault monster count
 F = Vault count percentage of total count
                 A         B        C        D         E       F
            +---------+---------+-------+---------+---------+-------
      Total |     140 |      61 |  30.3 |      40 |      10 |  20.0
            +---------+---------+-------+---------+---------+-------
        D:1 |      40 |       0 |   0.0 |      22 |       0 |   0.0
        D:2 |     100 |      61 |  37.9 |      18 |      10 |  35.7
            +---------+---------+-------+---------+---------+-------
